 Dungeon Crawl Stone Soup version 0.31.0-12-g77e489cdc1 (webtiles) character file.

Game seed: 16882853133732055279

252 obamaself the Apothecary (level 6, -6/42 HPs)
             Began as a Formicid Alchemist on Mar 6, 2024.
             Was an Initiate of Ignis.
             Mangled by an ogre
             ... wielding a +0 giant spiked club
              (13 damage)
             ... on level 4 of the Dungeon on Mar 7, 2024.
             The game lasted 00:35:19 (2841 turns).

obamaself the Apothecary (Formicid Alchemist)       Turns: 2841, Time: 00:35:19

Health: -6/42      AC:  8    Str: 15    XL:     6   Next: 36%
Magic:  10/10      EV: 10    Int: 14    God:    Ignis [......]
Gold:   113        SH:  0    Dex: 14    Spells: 10/11 levels left

rFire   + . .        o - +1 rapier (flame)
rCold   . . .        (no shield)
rNeg    . . .        k - +0 scale mail
rPois   +            (helmet unavailable)
rElec   .            (no cloak)
rCorr   .            n - +1 pair of gloves
SInv    +            (no boots)
Will    .....        (no amulet) Stlth
                     a - ring of poison resistance
HPRegen 0.27/turn    (no ring)
MPRegen 0.12/turn

%: no passive effects
@: confused, ambrosia-drunk
A: permanent stasis, dig shafts and tunnels, antennae 3, four strong arms
a: Dig, Shaft Self, Renounce Religion, Rising Flame


You were on level 4 of the Dungeon.
You worshipped Ignis.
Ignis was noncommittal.
You visited 1 branch of the dungeon, and saw 4 of its levels.

You collected 113 gold pieces.

Inventory:

Hand Weapons
 d - a +0 rapier
 j - a +0 short sword of flaming
 o - a +1 rapier of flaming (weapon)
Armour
 k - a +0 scale mail (worn)
 n - a +1 pair of gloves (worn)
Magical Staves
 f - a staff of earth
Jewellery
 a - a ring of poison resistance (left hand)
Scrolls
 e - a scroll of noise {unknown}
 h - a scroll of fog {unknown}
 m - 3 scrolls of identify
 q - a scroll of fear {unknown}
Potions
 b - 2 potions of magic
 c - 2 potions of heal wounds {unknown}
 i - a potion of lignification {unknown}
 l - a potion of mutation {unknown}
 p - a potion of degeneration {unknown}


   Skills:
 + Level 0.9 Fighting
 + Level 2.6 Short Blades
 + Level 1.7 Armour
 + Level 2.5 Dodging
 + Level 3.0 Stealth
 + Level 0.6 Unarmed Combat
 + Level 3.0 Spellcasting
 + Level 1.5 Conjurations
 + Level 5.2 Alchemy


You had 10 spell levels left.
You knew the following spells:

 Your Spells              Type           Power      Damage    Failure   Level
a - Sting                 Conj/Alch      44%        1d5       22%         1

Your spell library contained the following spells:

 Spells                   Type           Power      Damage    Failure   Level
 Mercury Vapours          Alch/Air       18%        N/A       41%         2
 Kiss of Death            Conj/Necr      16%        2d6       52%         1
 Olgreb's Toxic Radiance  Alch           16%        N/A       67%         4
 Mephitic Cloud           Conj/Alch/Air  8%         N/A       69%         3
 Lesser Beckoning         Tloc           4%         N/A       77%         2
 Gell's Gravitas          Tloc           2%         N/A       94%         3
 Teleport Other           Tloc           2%         N/A       94%         3
 Sticky Flame             Fire/Alch      9%         2d5       96%         4


Dungeon Overview and Level Annotations

Branches:
Dungeon (4/15)
 Temple: D:4-7

Altars:
Ignis


Innate Abilities, Weirdness & Mutations

You cannot be hasted, slowed, berserked, paralysed or teleported.
You can dig through walls and to a lower floor.
You have a pair of large antennae on your head. (SInv)
Your four strong arms can wield two-handed weapons with a shield.


Message History

The foxfire hits the kobold.
You kill the kobold!
The foxfire hits the iguana.
The iguana is almost dead.
A quokka comes into view.
Unknown command.
The iguana barely misses you.
You hit the iguana. You burn the iguana.
You kill the iguana!
Your Stealth skill increases to level 3!
Okay, then.
The hound bites you.
You see here an iguana corpse.
You hit the hound. You burn the hound.
The hound is moderately wounded.
The hound bites you.
You closely miss the hound.
The hound is moderately wounded.
The hound bites you. The hound closely misses you.
You barely miss the hound.
The hound is moderately wounded.
The hound barely misses you. The quokka closely misses you.
The hound bites you.
You hit the hound. You burn the hound.
The hound is heavily wounded.
The quokka barely misses you. The hound bites you but does no damage.
The quokka completely misses you.
You closely miss the hound.
The hound is heavily wounded.
The hound barely misses you.
The ogre hits you with a +0 giant spiked club!!
Ouch! That really hurt!
* * * LOW HITPOINT WARNING * * *
The quokka barely misses you. The hound completely misses you.
Okay, then.
You are confused.
You feel invigorated. The hound bites you but does no damage.
The quokka bites you but does no damage.
The ogre hits you with a +0 giant spiked club!
You die...

### ## #### ##.# #.#
#)..########..## #.#
####..............##..#
......................#
#.....................##.
#.............).........
#.......................
..##...O@.......<.......
##..rh......####.....
#.......#### .....
##...†)(# .... #......#
#. #......#, #........
#......... ..........


You could see an ogre, a hound and a quokka.

Vanquished Creatures
  A black bear (D:4)
  A bombardier beetle (D:3)
  An iguana (D:4)
  4 gnolls (D:2)
  An adder (D:2)
  4 dart slugs
  A ribbon worm (D:2)
  An orc (D:3)
  2 ball pythons (D:1)
  5 bats
  2 endoplasms
  4 giant cockroaches
  5 goblins
  4 hobgoblins
  2 kobolds
  2 quokkas
  2 frilled lizards
  5 rats
47 creatures vanquished.

Vanquished Creatures (others)
  121 foxfires
121 creatures vanquished.

Grand Total: 168 creatures vanquished

Notes
Turn   | Place    | Note
-------+----------+-------------------------------------------
     0 | D:1      | obamaself the Formicid Alchemist began the quest for the
                  | Orb.
     0 | D:1      | Reached XP level 1. HP: 13/13 MP: 3/3
   238 | D:1      | Reached XP level 2. HP: 10/19 MP: 5/5
   455 | D:1      | Reached XP level 3. HP: 24/24 MP: 4/6
   459 | D:1      | Found a faded altar of an unknown god.
   469 | D:1      | Got Plato's Treatise on the Volley
   472 | D:1      | Prayed at the altar of an unknown god.
   472 | D:1      | Became a worshipper of Ignis, the Dying Flame
  1235 | D:2      | Reached skill level 1 in Short Blades
  1235 | D:2      | Reached XP level 4. HP: 22/25 MP: 7/7
  1236 | D:2      | Reached skill level 1 in Conjurations
  1238 | D:2      | Reached skill level 1 in Armour
  2405 | D:3      | Reached XP level 5. HP: 35/35 MP: 7/9
  2609 | D:3      | Reached skill level 5 in Alchemy
  2827 | D:4      | Noticed a black bear
  2831 | D:4      | Killed a black bear
  2832 | D:4      | Reached XP level 6. HP: 42/42 MP: 8/10
  2832 | D:4      | Noticed an ogre
  2840 | D:4      | HP: 2/42 [ogre/+0 giant spiked club (33)]
  2841 | D:4      | Mangled by an ogre

Illustrated notes

Levels and vault maps discovered:
D:1:      amcnicky_arrival_underground_garden, layout_basic,
          shapermc_ecumenical_altar_rom_forum
D:2:      layout_rooms, amcnicky_mini_pool_small, grunt_ministairs_12
D:3:      layout_basic, grunt_ministairs_12
D:4:      layout_layer_cave, minmay_temple_entry_slanted,
          cheibrodos_sewer_entry_drain, kennysheep_minor_cross, minmay_puff,
          uniq_pargi

Skill      XL: |  1  2  3  4  5  6 |
---------------+-------------------+-----
Dodging        | 2 |  2.5
Short Blades   | 1 2 |  2.6
Conjurations   | 1 |  1.5
Armour         | 1 |  1.7
Alchemy        | 5 |  5.2
Spellcasting   | 3 |  3.0
Stealth        | 3 |  3.0
Fighting       | |  0.9
Unarmed Combat | |  0.6

Action                     |  1- 3 |  4- 6 || total
---------------------------+-------+-------++-------
  Melee: Dagger            |    20 |       ||    20
         Staff             |    13 |       ||    13
         Unarmed           |     3 |       ||     3
         Short sword       |     5 |    14 ||    19
         Rapier            |       |    15 ||    15
   Cast: Sting             |    18 |     5 ||    23
 Invoke: Foxfire Swarm     |     5 |     3 ||     8
         Fiery Armour      |       |     1 ||     1
Ability: Dig               |     2 |       ||     2
    Use: Scroll            |     3 |     2 ||     5
         Potion            |     1 |     1 ||     2
   Stab: Sleeping          |     1 |       ||     1
         Distracted        |     1 |       ||     1
 Armour: Leather armour    |    14 |       ||    14
         Robe              |     4 |       ||     4
         Ring mail         |    11 |       ||    11
         Scale mail        |     7 |    17 ||    24
  Dodge: Dodged            |    31 |    19 ||    50
